 Dungeon Crawl Stone Soup version 0.22-a0-160-gcc81d7a (webtiles) character file.

760 Gorice the Charmwright (level 7, -1/51 HPs)
             Began as a Gnoll Wanderer on Feb 9, 2018.
             Killed by nerve-wracking pain
             ... invoked by a shadow imp
              (9 damage)
             ... on level 5 of the Dungeon on Feb 10, 2018.
             The game lasted 00:24:55 (5654 turns).

Gorice the Charmwright (Gnoll Wanderer)             Turns: 5654, Time: 00:24:56

Health: -1/51      AC:  6    Str: 15    XL:     7   Next: 80%
Magic:  12/12      EV: 10    Int: 18    God:
Gold:   269        SH:  0    Dex: 12    Spells: 9/13 levels left

rFire    . . .     SeeInvis .   a - +2 whip (venom)
rCold    . . .     Gourm    .   (no shield)
rNeg     . . .     Faith    .   h - +0 scale mail
rPois    .         Spirit   .   (no helmet)
rElec    .         Reflect  .   (no cloak)
rCorr    .         Harm     .   (no gloves)
MR       .....                  (no boots)
Stlth    +.........             (no amulet)
HPRegen  0.17/turn              w - ring of flight
MPRegen  0.13/turn              (no ring)

@: drained
A: distributed training, fangs 1, strong nose
a: Evoke Flight


You were on level 5 of the Dungeon.
You were near starving.

You visited 1 branch of the dungeon, and saw 5 of its levels.
You also visited: Sewer.

You collected 269 gold pieces.

Inventory:

Hand Weapons
 a - a +2 whip of venom (weapon)
   (You found it on level 2 of the Dungeon)
 b - a +0 hunting sling
 e - a +0 club
 f - a +0 whip of flaming
   (You took it off an orc on level 4 of the Dungeon)
 t - a +0 trident
 u - a +0 flail
 F - a +0 morningstar
Missiles
 m - 8 curare-tipped needles
 q - 15 sling bullets
 Y - 92 stones (quivered)
Armour
 d - a +1 robe
 h - a +0 scale mail (worn)
Jewellery
 w - a ring of flight (left hand)
Wands
 y - a wand of scattershot (6)
 D - a wand of paralysis (12)
Scrolls
 o - 2 scrolls of fear {!r}
 r - 2 scrolls of enchant armour
 v - 2 scrolls of remove curse
 x - a scroll of blinking
Potions
 g - a potion of brilliance {!q}
 i - a potion of magic {!q}
 j - 2 potions of cancellation {!q}
 l - a potion of lignification {!q}
 n - 2 potions of heal wounds {!q}
 s - a potion of degeneration {unknown}
 z - 2 potions of curing
 B - a potion of flight {unknown}
Books
 c - the Incunabulum of Dark Rituals

   Spells                             Type                      Level
   a - Animate Skeleton               Necromancy                   1
   b - Regeneration                   Charms/Necromancy            3
 k - a book of Battle
 p - the Disquisition on Combat Magic

   Spells                             Type                      Level
   a - Sting                          Conjuration/Poison           1
   b - Conjure Flame                  Conjuration/Fire             3
Comestibles
 G - 10 rations


   Skills:
 + Level 2.6(1.8) Fighting
 + Level 2.6(1.8) Short Blades
 + Level 2.6(1.8) Long Blades
 + Level 2.6(1.8) Axes
 + Level 2.6(1.8) Maces & Flails
 + Level 2.6(1.8) Polearms
 + Level 2.6(1.8) Staves
 + Level 2.6(1.8) Slings
 + Level 2.6(1.8) Bows
 + Level 2.6(1.8) Crossbows
 + Level 3.7(2.9) Throwing
 + Level 2.6(1.8) Armour
 + Level 2.6(1.8) Dodging
 + Level 3.6(2.8) Stealth
 + Level 2.6(1.8) Shields
 + Level 2.6(1.8) Unarmed Combat
 + Level 3.9(3.1) Spellcasting
 + Level 2.1(1.4) Conjurations
 + Level 2.1(1.4) Hexes
 + Level 7.4(6.5) Charms
 + Level 2.1(1.4) Summonings
 + Level 4.4(3.6) Necromancy
 + Level 2.1(1.4) Translocations
 + Level 2.1(1.4) Transmutations
 + Level 2.1(1.4) Fire Magic
 + Level 2.1(1.4) Ice Magic
 + Level 2.1(1.4) Air Magic
 + Level 2.1(1.4) Earth Magic
 + Level 3.1(2.3) Poison Magic
 + Level 3.0(2.2) Invocations
 + Level 2.6(1.8) Evocations


You had 9 spell levels left.
You knew the following spells:

 Your Spells              Type           Power        Failure   Level  Hunger
a - Infusion              Chrm           ####         4%          1    None
b - Shroud of Golubria    Chrm/Tloc      ###.......   19%         2    ##.....
s - Animate Skeleton      Necr           N/A          14%         1    None


Dungeon Overview and Level Annotations

Branches:
Dungeon (5/15)
 Temple: D:4-7

Altars:
Fedhas
Trog
Zin

Annotations:
D:5 Blork the orc


Innate Abilities, Weirdness & Mutations

Your experience applies equally to all skills.
You have very sharp teeth.
Your uncanny sense of smell can sniff out nearby items.


Message History

As you read the scroll of identify, it crumbles to dust.
i - a potion of magic
Found a helmet.
Blork the orc comes into view.
He is wielding a glaive.
Found 12 gold pieces.
Found a robe.
A shadow imp comes into view.
The shadow imp shouts, "Return whence thou came, thou plume-plucked flap-mouthed whey-face!"
Blork the orc hits you but does no damage.
The shadow imp gestures at you. Pain shoots through your body!
Damage: 13 (max 13)
The shadow imp moves out of view.
Blork the orc closely misses you.
You hit Blork the orc.
Blork the orc is lightly wounded.
Your scale mail prevents you from hitting Blork the orc.
Blork the orc is lightly wounded.
Blork the orc hits you with a glaive.
Damage: 4 (max 13)
You completely miss Blork the orc.
Blork the orc is lightly wounded.
Blork the orc hits you with a glaive!
* * * LOW HITPOINT WARNING * * *
Damage: 14 (max 14)
You barely miss Blork the orc.
Blork the orc is lightly wounded.
Blork the orc hits you with a glaive!
* * * LOW HITPOINT WARNING * * *
Damage: 7 (max 14)
You hit Blork the orc.
Blork the orc is lightly wounded.
The shadow imp barely misses you.
Blork the orc hits you but does no damage.
You hit Blork the orc.
You bite Blork the orc, but do no damage.
Blork the orc is moderately wounded.
The shadow imp hits you but does no damage.
You are near starving!
You barely miss Blork the orc.
Blork the orc is moderately wounded.
Blork the orc hits you with a glaive.
* * * LOW HITPOINT WARNING * * *
The shadow imp hits you.
* * * LOW HITPOINT WARNING * * *
Damage: 5 (max 14)
You hit Blork the orc but do no damage.
Blork the orc is moderately wounded.
The shadow imp gestures at you. Pain shoots through your body!
You die...

#.###...##...##..#.....#
#.. #................+
..... ##.
#.........##### #.
##...##...## ## ##.
##...##....# ..# #...
########..........#...#
#.....
....................[.+
......#
#########...###.5##...#
.##..## ##...###@<# ..##
#.. ∆ #.....#.o.# #.#
#.....#...# #. ∆
##..####$.# #### #..# ∆
[..# ...# ....


You could see Blork the orc and a shadow imp.

Vanquished Creatures
  Sigmund (D:5)
  A scorpion (D:4)
  A crimson imp (D:2)
  A centaur skeleton (D:4)
  2 orc priests
  A bullfrog skeleton (D:4)
  Ijyb (D:5)
  3 orc wizards (D:4)
  A worker ant (D:4)
  The ghost of p0werm0de the Chopper, a weakling FoCK of Xom (D:4)
  A hound skeleton (D:4)
  10 adders
  A river rat (D:4)
  An adder zombie (D:5)
  An adder skeleton (D:2)
  A worm (D:4)
  2 leopard geckos (D:4)
  12 orcs
  4 ball pythons
  4 giant cockroaches
  15 goblins
  7 hobgoblins
  20 jackals
  6 bats
  5 frilled lizards
  A goblin zombie (D:4)
  12 kobolds
  A quokka zombie (D:4)
  5 rats
  7 plants (Sewer)
129 creatures vanquished.

Notes
Turn   | Place    | Note
-------+----------+-------------------------------------------
     0 | D:1      | Gorice the Gnoll Wanderer began the quest for the Orb.
     0 | D:1      | Gorice set off with: a book of Battle, the Disquisition on Combat Magic, the Incunabulum of Dark Rituals, a +0 robe, a +0 club, a ration
     0 | D:1      | Reached XP level 1. HP: 13/13 MP: 4/4
     0 | D:1      | Identified the Disquisition on Combat Magic
     0 | D:1      | Identified the Incunabulum of Dark Rituals
     2 | D:1      | Learned a level 1 spell: Infusion
     6 | D:1      | Learned a level 1 spell: Animate Skeleton
     9 | D:1      | Upgraded the game from 0.22-a0-159-g7ce444f to 0.22-a0-160-gcc81d7a
   214 | D:1      | Reached skill level 2 in Poison Magic
   303 | D:1      | Reached XP level 2. HP: 18/19 MP: 2/5
   704 | D:1      | Learned a level 2 spell: Shroud of Golubria
   831 | D:2      | Reached XP level 3. HP: 23/25 MP: 1/7
  1008 | D:2      | You fall through a shaft!
  1045 | D:3      | Reached skill level 1 in Invocations
  1372 | D:2      | Reached skill level 1 in Fighting
  1372 | D:2      | Reached skill level 1 in Short Blades
  1372 | D:2      | Reached skill level 1 in Long Blades
  1372 | D:2      | Reached skill level 1 in Axes
  1372 | D:2      | Reached skill level 1 in Maces & Flails
  1372 | D:2      | Reached skill level 1 in Polearms
  1372 | D:2      | Reached skill level 1 in Staves
  1372 | D:2      | Reached skill level 1 in Slings
  1372 | D:2      | Reached skill level 1 in Bows
  1372 | D:2      | Reached skill level 1 in Crossbows
  1372 | D:2      | Reached skill level 1 in Armour
  1372 | D:2      | Reached skill level 1 in Dodging
  1372 | D:2      | Reached skill level 1 in Shields
  1372 | D:2      | Reached skill level 1 in Unarmed Combat
  1372 | D:2      | Reached skill level 1 in Evocations
  1372 | D:2      | Reached XP level 4. HP: 32/32 MP: 8/8
  1376 | D:2      | Found a blossoming altar of Fedhas.
  1576 | D:3      | Reached skill level 3 in Spellcasting
  1730 | D:3      | Reached skill level 1 in Conjurations
  1730 | D:3      | Reached skill level 1 in Hexes
  1730 | D:3      | Reached skill level 1 in Summonings
  1730 | D:3      | Reached skill level 1 in Translocations
  1730 | D:3      | Reached skill level 1 in Transmutations
  1730 | D:3      | Reached skill level 1 in Fire Magic
  1730 | D:3      | Reached skill level 1 in Ice Magic
  1730 | D:3      | Reached skill level 1 in Air Magic
  1730 | D:3      | Reached skill level 1 in Earth Magic
  1967 | D:2      | Reached XP level 5. HP: 37/37 MP: 9/9
  1984 | D:3      | Reached skill level 3 in Throwing
  2315 | D:3      | Reached skill level 4 in Necromancy
  2591 | D:4      | Noticed p0werm0de's ghost (weakling FoCK)
  2765 | D:4      | Reached XP level 6. HP: 28/44 MP: 10/10
  2809 | D:4      | Reached skill level 2 in Invocations
  2820 | D:4      | Killed p0werm0de's ghost
  2820 | D:4      | Reached skill level 3 in Stealth
  2855 | D:4      | HP: 12/44 [orc wizard/dagger (2)]
  2856 | D:4      | HP: 2/44 [orc wizard/magic dart (11)]
  2857 | D:4      | Reached skill level 2 in Fighting
  2857 | D:4      | Reached skill level 2 in Short Blades
  2857 | D:4      | Reached skill level 2 in Long Blades
  2857 | D:4      | Reached skill level 2 in Axes
  2857 | D:4      | Reached skill level 2 in Maces & Flails
  2857 | D:4      | Reached skill level 2 in Polearms
  2857 | D:4      | Reached skill level 2 in Staves
  2857 | D:4      | Reached skill level 2 in Slings
  2857 | D:4      | Reached skill level 2 in Bows
  2857 | D:4      | Reached skill level 2 in Crossbows
  2857 | D:4      | Reached skill level 2 in Armour
  2857 | D:4      | Reached skill level 2 in Dodging
  2857 | D:4      | Reached skill level 2 in Shields
  2857 | D:4      | Reached skill level 2 in Unarmed Combat
  2857 | D:4      | Reached skill level 2 in Evocations
  3084 | D:4      | Found a glowing drain.
  3100 | D:4      | HP: 12/44 [adder (3)]
  3105 | D:4      | HP: 7/44 [poisoned by an adder]
  3105 | D:4      | HP: 3/44 [adder (4)]
  3122 | Sewer    | Entered a sewer
  4402 | D:4      | HP: 11/44 [bullfrog skeleton (4)]
  4405 | D:4      | Reached XP level 7. HP: 13/50 MP: 12/12
  4441 | D:4      | Found a bloodstained altar of Trog.
  4714 | D:4      | Found a glowing silver altar of Zin.
  4930 | D:5      | Entered Level 5 of the Dungeon
  4930 | D:5      | Noticed Sigmund
  4945 | D:5      | Killed Sigmund
  4945 | D:5      | Reached skill level 2 in Conjurations
  4945 | D:5      | Reached skill level 2 in Hexes
  4945 | D:5      | Reached skill level 2 in Summonings
  4945 | D:5      | Reached skill level 2 in Translocations
  4945 | D:5      | Reached skill level 2 in Transmutations
  4945 | D:5      | Reached skill level 2 in Fire Magic
  4945 | D:5      | Reached skill level 2 in Ice Magic
  4945 | D:5      | Reached skill level 2 in Air Magic
  4945 | D:5      | Reached skill level 2 in Earth Magic
  4945 | D:5      | Reached skill level 3 in Poison Magic
  4970 | D:5      | Noticed Ijyb
  4981 | D:5      | Killed Ijyb
  4981 | D:5      | Reached skill level 3 in Invocations
  4988 | D:5      | HP: 14/51 [ice beast (7)]
  5017 | D:4      | HP: 6/51 [ice beast (11)]
  5052 | D:4      | HP: 11/51 [ice beast (1)]
  5052 | D:4      | HP: 5/51 [ice beast (6)]
  5642 | D:5      | Noticed Blork the orc
  5650 | D:5      | HP: 13/51 [Blork the orc/glaive (8)]
  5654 | D:5      | Killed from afar by a shadow imp

Vault maps used:
D:1:      eino_arrival_tree_alley
D:2:      cheibrodos_greedy_goblins, fedhas_altar_fruit_tree, first_ration,
          minmay_pentomino_p4
D:3:      cheibrodos_old_hovel, kennysheep_doodads, minmay_misc_feat_five
D:4:      kennysheep_big_flooded_room, marbit_many_paths, kennysheep_mini,
          gup_sewer_entry_bubbles, enter_ossuary_4
D:5:      cheibrodos_iron_armory, serial_bayou_pond_b, uniq_prince_ribbit1,
          uniq_blork_the_orc, uniq_ijyb, uniq_duvessa, uniq_sigmund
Sewer:    sewer_co_scattered_pipes

Skill      XL: |  1  2  3  4  5  6  7 |
---------------+----------------------+-----
Poison Magic   | 2 3 |  3.1
Invocations    | 1 2 3 |  3.0
Fighting       | 1 2 |  2.6
Short Blades   | 1 2 |  2.6
Long Blades    | 1 2 |  2.6
Axes           | 1 2 |  2.6
Maces & Flails | 1 2 |  2.6
Polearms       | 1 2 |  2.6
Staves         | 1 2 |  2.6
Slings         | 1 2 |  2.6
Bows           | 1 2 |  2.6
Crossbows      | 1 2 |  2.6
Armour         | 1 2 |  2.6
Dodging        | 1 2 |  2.6
Shields        | 1 2 |  2.6
Unarmed Combat | 1 2 |  2.6
Evocations     | 1 2 |  2.6
Spellcasting   | 3 |  3.9
Conjurations   | 1 2 |  2.1
Hexes          | 1 2 |  2.1
Summonings     | 1 2 |  2.1
Translocations | 1 2 |  2.1
Transmutations | 1 2 |  2.1
Fire Magic     | 1 2 |  2.1
Ice Magic      | 1 2 |  2.1
Air Magic      | 1 2 |  2.1
Earth Magic    | 1 2 |  2.1
Throwing       | 3 |  3.7
Necromancy     | 4 |  4.4
Stealth        | 3 |  3.6
Charms         | |  7.4

Action                   |  1- 3 |  4- 6 |  7- 9 || total
-------------------------+-------+-------+-------++-------
Melee: Club              |    34 |       |       ||    34
       Bite              |     6 |    42 |     8 ||    56
       Whip              |    53 |   413 |    67 ||   533
       Punch             |       |     3 |       ||     3
 Fire: Hunting sling     |    28 |    33 |    29 ||    90
 Cast: Infusion          |     9 |     2 |       ||    11
  Use: Scroll            |     5 |     3 |     5 ||    13
       Potion            |       |     1 |       ||     1
  Eat: Chunk             |     2 |    10 |     3 ||    15
Armor: Robe              |    16 |       |       ||    16
       Scale mail        |       |   121 |    29 ||   150
Dodge: Dodged            |    55 |   151 |    29 ||   235

Table legend:
 A = Spawn XP
 B = Non-spawn XP
 C = Spawn XP percentage of total XP
 D = Spawn monster count
 E = Non-spawn monster count
 F = Spawn count percentage of total count
 G = Total turns spent on level
                    A         B        C        D         E        F      G
               +---------+---------+-------+---------+---------+-------+---------
         Total |       0 |    1086 |   0.0 |       0 |     122 |   0.0 |  5654
               +---------+---------+-------+---------+---------+-------+---------
           D:1 |       0 |      16 |   0.0 |       0 |      11 |   0.0 |   706
           D:2 |       0 |     118 |   0.0 |       0 |      31 |   0.0 |   995
           D:3 |       0 |     123 |   0.0 |       0 |      24 |   0.0 |   948
           D:4 |       0 |     487 |   0.0 |       0 |      32 |   0.0 |  1610
           D:5 |       0 |     274 |   0.0 |       0 |       4 |   0.0 |   203
         Sewer |       0 |      68 |   0.0 |       0 |      20 |   0.0 |  1192
               +---------+---------+-------+---------+---------+-------+---------

Table legend:
 A = Turns spent in this place as a percentage of turns spent in the entire game.
 B = Non-inter-level travel turns spent in this place as a percentage of non-inter-level travel turns spent in the entire game.
 C = Inter-level travel turns spent in this place as a percentage of turns spent in this place.
 D = Turns resting spent in this place as a percentage of non-inter-level travel turns spent in this place.
 E = Turns spent auto-exploring this place as a percentage of non-inter-level travel turns spent in this place.
 F = Non-inter-level travel turns spent in this place divided by the number of levels of this place that you've seen.
                   A       B       C       D       E      F
               +-------+-------+-------+-------+-------+----------------------
         Total | 100.0 | 100.0 |   4.0 |  20.8 |  30.3 | 904.8
       Dungeon |  78.9 |  78.0 |   5.0 |  20.7 |  31.9 | 847.4
         Sewer |  21.1 |  22.0 |   0.0 |  21.1 |  24.5 | 1192.0
               +-------+-------+-------+-------+-------+----------------------

Vault maps used:
D:1:      eino_arrival_tree_alley
D:2:      cheibrodos_greedy_goblins, fedhas_altar_fruit_tree, first_ration,
          minmay_pentomino_p4
D:3:      cheibrodos_old_hovel, kennysheep_doodads, minmay_misc_feat_five
D:4:      kennysheep_big_flooded_room, marbit_many_paths, kennysheep_mini,
          gup_sewer_entry_bubbles, enter_ossuary_4
D:5:      cheibrodos_iron_armory, serial_bayou_pond_b, uniq_prince_ribbit1,
          uniq_blork_the_orc, uniq_ijyb, uniq_duvessa, uniq_sigmund
Sewer:    sewer_co_scattered_pipes
